 Dungeon Crawl Stone Soup version 0.28.0-43-g3370ac3207 (webtiles) character file.

Game seed: 4831468009625565036

177 Faeu the Shield-Bearer (level 5, -4/47 HPs)
             Began as a Minotaur Fighter on Mar 21, 2022.
             Slain by Ijyb
             ... wielding a +5 club
              (11 damage)
             ... on level 3 of the Dungeon.
             The game lasted 00:10:02 (2934 turns).

Faeu the Shield-Bearer (Minotaur Fighter)           Turns: 2934, Time: 00:10:03

Health: -4/47      AC: -1    Str: 22    XL:     5   Next: 30%
Magic:  4/4        EV:  9    Int:  5    God:
Gold:   111        SH:  4    Dex: 10    Spells: 4/4 levels left

rFire   + . .      SeeInvis .   a - +0 long sword {long}
rCold   . . .      Faith    .   c - +0 buckler
rNeg    . . .      Spirit   .   j - +3 scale mail {rF+}
rPois   .          Reflect  .   (helmet restricted)
rElec   .          Harm     .   (no cloak)
rCorr   .          Rampage  .   (no gloves)
Will    .....                   (no boots)
Stlth   ..........              (no amulet)
HPRegen 0.15/turn               (no ring)
MPRegen 0.09/turn               (no ring)

@: mighty, corroded
A: horns 2, retaliatory headbutt
a: no special abilities


You were on level 3 of the Dungeon.
You visited 1 branch of the dungeon, and saw 3 of its levels.

You collected 111 gold pieces.


Innate Abilities, Weirdness & Mutations

You have a pair of horns on your head.
You reflexively headbutt those who attack you in melee.


   Skills:
 + Level 4.8 Fighting
 + Level 3.8 Long Blades
 + Level 4.7 Armour
 + Level 4.9 Shields


You had 4 spell levels left.
You didn't know any spells.
Your spell library was empty.

Inventory:

Hand Weapons
 a - a +0 long sword (weapon) {long}
Armour
 c - a +0 buckler (worn)
 j - a +3 scale mail of fire resistance (worn)
   (You took it off Terence on level 2 of the Dungeon)
Jewellery
 n - a ring of flight
   (You found it on level 3 of the Dungeon)
Wands
 m - a wand of iceblast (7)
   (You found it on level 3 of the Dungeon)
Scrolls
 e - a scroll of enchant armour {unknown}
 f - 5 scrolls of identify {unknown}
 h - a scroll of blinking {unknown}
 i - 3 scrolls of holy word {unknown}
 l - a scroll of fear {unknown}
 o - a scroll of teleportation {unknown}
Potions
 b - a potion of mutation {unknown}
 g - 3 potions of resistance {unknown}
 k - a potion of degeneration {unknown}

Dungeon Overview and Level Annotations

Branches:
Dungeon (3/15)

Altars:

Annotations:
D:3 1 runed translucent door, Crazy Yiuf, Ijyb

.....
.........##.#
##.## .##.#
##...........#
##.# .# .#
#........####
#.## ## .# #
..........###
##.# # .#
.##..........#
#.##
....#####..##
#+# .#.. ##.#
...
#..######.##
#...#
#[>J@g.....#
#)..#
#..######..#
##### #. ##.#
.. #.# ##
##.......
##.#.## .. g.#
.#


You could see Ijyb and a jelly.


Message History

😕 HP[+1]
Items here: )) [ †.
Okay, then.
n - a ring of flight
There are no items here.
No target in view!
No target in view!
Items here: )) [ †.
A frilled lizard comes into view.
The frilled lizard hisses angrily. 😎 HP[+6]
A frilled lizard is nearby!
The frilled lizard bites you but does no damage.
You slash the frilled lizard!
You kill the frilled lizard!
No target in view!
You now have 95 gold pieces (gained 18).
A ball python comes into view.
The ball python hisses angrily.
A bat comes into view.
A hobgoblin comes into view.
The hobgoblin shouts!
The bat hits you but does no damage. The bat barely misses you.
You furiously retaliate!
You headbutt the bat, but do no damage. You barely miss the bat.
Your headbutt misses the bat. The bat hits you but does no damage. x2
You hit the bat but do no damage. Your headbutt misses the bat.
The bat closely misses you. You furiously retaliate!
You headbutt the bat, but do no damage. The ball python barely misses you.
The ball python closely misses you.
The ball python bites you but does no damage.
The ball python grabs you. The ball python constricts you.
The bat hits you but does no damage.
You slash the ball python!
You kill the ball python!
You block the bat's attack. The bat closely misses you.
You hit the bat but do no damage. You block the bat's attack.
The hobgoblin misses you. You furiously retaliate!
You headbutt the hobgoblin.
You kill the hobgoblin!
The bat closely misses you. You furiously retaliate!
You headbutt the bat!
You kill the bat!
No target in view!
No target in view!
Crazy Yiuf shouts!
Crazy Yiuf whimpers, "Buddy toodlewoodle meccalolo!"
Crazy Yiuf yells, "Orb Xom seventy!"
o - a scroll labelled QATTUZX JE OTU No target in view!
You now have 111 gold pieces (gained 16).
Found a stone staircase leading down.
Ijyb the Twisted Goblin comes into view.
She is wielding a +5 club and carrying a wand of iceblast (3).
Ijyb shouts!
Ijyb screams, "Me stronger than you!"
Ijyb zaps a wand.
The mass of ice explodes!
The iceblast engulfs you! 😮 HP[-13]
You take 13 damage, and now have 34/47 hp.
MASSIVE DAMAGE!! (PAUSE)
A jelly comes into view.
The jelly hits you. The acid corrodes you!
You are splashed with acid. 😮 HP[-6]
You take 6 damage, and now have 28/47 hp.
You slash the jelly! The acid corrodes you!
Your hands burn!
Ijyb screams, "Die!"
The jelly hits you.
* * * LOW HITPOINT WARNING * * *
You are splashed with acid!
* * * LOW HITPOINT WARNING * * *
Unknown command. 😨 HP[-12]
You take 12 damage, and now have 16/47 hp.
MASSIVE DAMAGE!! (PAUSE)
Aiming: Iceblast
Press: ? - help, Shift-Dir - straight line, f - jelly
Aim: a jelly (severely wounded)
Okay, then.
You are now empty-handed.
a - a +0 long sword (weapon)
{long} The jelly barely misses you.
You are now empty-handed.
a - a +0 long sword (weapon)
{long} You block the jelly's attack.
You are now empty-handed.
You feel very mighty all of a sudden. The jelly hits you.
* * * LOW HITPOINT WARNING * * *
The acid corrodes you!
You are splashed with acid!
* * * LOW HITPOINT WARNING * * *
😱 HP[-9]
You take 9 damage, and now have 7/47 hp.
Really attack while wielding nothing? [Y]es or [N]o only, please.
Really attack while wielding nothing? [Y]es or [N]o only, please.
Really attack while wielding nothing?
Okay, then.
Unknown command.
a - a +0 long sword (weapon)
{long} Ijyb hits you with a +5 club!
You die...

Skill      XL: |  1  2 |
---------------+-------+-----
Shields        | 4 |  4.9
Fighting       | 4 |  4.8
Long Blades    | 3 |  3.8
Armour         | 4 |  4.7

Action                   |  1- 3 |  4- 6 || total
-------------------------+-------+-------++-------
Melee: Long sword        |    81 |    50 ||   131
       Headbutt          |     8 |     5 ||    13
  Use: Potion            |       |     1 ||     1
Armor: Scale mail        |    41 |    18 ||    59
Dodge: Dodged            |    42 |    28 ||    70
Block: Buckler           |    17 |    13 ||    30

Levels and vault maps discovered:
D:1:      nzn_arrival_settlement, layout_loops_ring
D:2:      layout_loops_ring, chequers_serial_rivers_large_b,
          serial_park_tiny_pond, lemuel_flame_loot_1, uniq_terence
D:3:      layout_rooms, hellmonk_ecumenical_altar_run_dry,
          uniq_crazy_yiuf_cottage, uniq_ijyb

Notes
Turn   | Place    | Note
-------+----------+-------------------------------------------
     0 | D:1      | Faeu the Minotaur Fighter began the quest for the Orb.
     0 | D:1      | Reached XP level 1. HP: 19/19 MP: 0/0
     0 | D:1      | magus.rc [v1.9.6]
   328 | D:1      | Reached XP level 2. HP: 20/27 MP: 1/1
  1111 | D:2      | Reached skill level 4 in Shields
  1123 | D:2      | Reached skill level 4 in Fighting
  1123 | D:2      | Reached skill level 3 in Long Blades
  1123 | D:2      | Reached skill level 4 in Armour
  1123 | D:2      | Reached XP level 3. HP: 16/33 MP: 2/2
  1352 | D:2      | Noticed Terence
  1370 | D:2      | Killed Terence
  1371 | D:2      | Reached XP level 4. HP: 27/41 MP: 3/3
  2649 | D:3      | Found a faded altar of an unknown god.
  2649 | D:3      | Noticed a scorpion
  2656 | D:3      | Killed a scorpion
  2657 | D:3      | Reached XP level 5. HP: 46/47 MP: 4/4
  2854 | D:3      | Found a runed translucent door.
  2855 | D:3      | Noticed Crazy Yiuf
  2919 | D:3      | Noticed Ijyb
  2933 | D:3      | HP: 7/47 [acid (8)]
  2934 | D:3      | Slain by Ijyb

Vanquished Creatures
  A scorpion (D:3)
  Terence (D:2)
  3 adders (D:2)
  2 worms
  An orc (D:3)
  5 bats
  6 endoplasms
  A giant cockroach (D:2)
  6 goblins
  5 hobgoblins
  3 jackals (D:2)
  3 quokkas
  6 ball pythons
  3 frilled lizards
  6 kobolds
  5 rats
57 creatures vanquished.

Table legend:
 A = Non-vault XP
 B = Vault XP
 C = Vault XP percentage of total XP
 D = Non-vault monster count
 E = Vault monster count
 F = Vault count percentage of total count
                 A         B        C        D         E       F
            +---------+---------+-------+---------+---------+-------
      Total |     217 |      36 |  14.2 |      56 |       1 |   1.8
            +---------+---------+-------+---------+---------+-------
        D:1 |      20 |       0 |   0.0 |      15 |       0 |   0.0
        D:2 |      84 |      36 |  30.0 |      26 |       1 |   3.7
        D:3 |     113 |       0 |   0.0 |      15 |       0 |   0.0
            +---------+---------+-------+---------+---------+-------

Illustrated notes

Table legend:
 A = Kills in this place as a percentage of kills in entire the game.
 B = Kills by you in this place as a percentage of kills by you in the entire game.
 C = Kills by friends in this place as a percentage of kills by friends in the entire game.
 D = Other kills in this place as a percentage of other kills in the entire game.
 E = Experience gained in this place as a percentage of experience gained in the entire game.
 F = Experience gained in this place divided by the number of levels of this place that you have seen.
                   A       B       C       D       E      F
               +-------+-------+-------+-------+-------+----------------------
         Total | 100.0 | 100.0 |   N/A |   N/A | 100.0 |  84.3
       Dungeon | 100.0 | 100.0 |   N/A |   N/A | 100.0 |  84.3
               +-------+-------+-------+-------+-------+----------------------

Table legend: (Time is in decaauts)
 A = Elapsed time spent in this place.
 B = Non-inter-level travel time spent in this place.
 C = Inter-level travel time spent in this place.
 D = Time resting spent in this place.
 E = Time spent auto-exploring this place.
 F = Levels seen in this place.
 G = Mean time per level.
                   A        B        C        D        E       F      G
               +--------+--------+--------+--------+--------+-----+--------+
         Total |   3001 |   2979 |     22 |    566 |   1935 |   3 | 1000.3 |
       Dungeon |   3001 |   2979 |     22 |    566 |   1935 |   3 | 1000.3 |
               +--------+--------+--------+--------+--------+-----+--------+

Top non-repeatable levels by time:
     D:2: 1820 daAuts
     D:1: 876 daAuts
     D:3: 304 daAuts
